AoeStats
← Sid

Arabia

504438448Analyzed
2v2 RM · 27d ago on Sep 5, 2026· 17m 48s· 4 players
Game mode
Random Map
Map size
Medium (4 player)
Population
200
Speed
Normal
Resources
Standard
Victory
Conquest
Starting age
Dark Age
Ending age
Imperial Age
RankedLock teamsTeams togetherTeam positionsShared explorationLock speedFull tech treeHidden civsTurbo modeCheats
Victory
Defeat
🇯🇵 Italians · Japan
1273
+14
🇯🇵 Georgians · Japan
1245
+15
🇮🇳 Malians · India
1228
-15
🇮🇳 Bohemians · India
1222
-14
k10_g15
6:13 Loom
9:11 Feudal Age
9:41 Double-Bit Axe
abhishekchopra.ubs
7:04 Loom
9:31 Feudal Age
10:10 Double-Bit Axe
Sid
6:01 Loom
9:05 Feudal Age
9:39 Double-Bit Axe
14:07 Horse Collar
16:50 Wheelbarrow
fumin.jp
6:05 Loom
9:45 Feudal Age
10:03 Man-at-Arms
10:32 Double-Bit Axe
15:11 Fletching
Connection lost

Rejoining the realm…

Still unreachable

The connection could not be restored.

Session expired

The server has moved on; the page needs a fresh start.